 Dungeon Crawl Stone Soup version 0.28-a0-1506-g3893175d92 (webtiles) character file.

Game seed: 666952783184065538

30 murtidash the Skirmisher (level 3, -1/34 HPs)
             Began as a Hill Orc Delver on Jan 13, 2022.
             Killed from afar by Sigmund (11 damage)
             ... with a puff of flame
             ... on level 1 of the Dungeon.
             The game lasted 00:02:25 (1607 turns).

murtidash the Skirmisher (Hill Orc Delver)          Turns: 1607, Time: 00:02:25

Health: -1/34      AC:  4    Str: 16    XL:     3   Next: 18%
Magic:  3/3        EV: 11    Int: 10    God:
Gold:   32         SH:  0    Dex: 12    Spells: 2/2 levels left

rFire   . . .      SeeInvis .   a - +0 hand axe
rCold   . . .      Faith    .   (no shield)
rNeg    . . .      Spirit   .   b - +0 leather armour
rPois   .          Reflect  .   (no helmet)
rElec   .          Harm     .   j - +0 cloak
rCorr   .          Rampage  .   (no gloves)
Will    .....                   (no boots)
Stlth   ++........              (no amulet)
HPRegen 0.11/turn               (no ring)
MPRegen 0.08/turn               (no ring)

@: no status effects
A: no striking features
a: no special abilities


You were on level 1 of the Dungeon.
You visited 1 branch of the dungeon, and saw 6 of its levels.

You collected 32 gold pieces.

Inventory:

Hand Weapons
 a - a +0 hand axe (weapon)
Armour
 b - a +0 leather armour (worn)
 j - a +0 cloak (worn)
   (You found it on level 4 of the Dungeon)
Wands
 g - a wand of digging (3)
Scrolls
 c - a scroll of fog
 d - a scroll of magic mapping {!r}
 e - a scroll of fear
 i - 2 scrolls of identify {unknown}
 k - 2 scrolls of enchant weapon {unknown}
 l - a scroll of amnesia {unknown}
 m - 2 scrolls of immolation {unknown}
Potions
 f - a potion of haste
 h - a potion of curing {unknown}


   Skills:
 + Level 4.4 Fighting
 + Level 3.8 Axes
 - Level 1.5 Dodging
 - Level 4.1 Stealth


You had 2 spell levels left.
You didn't know any spells.
Your spell library was empty.

Dungeon Overview and Level Annotations

Branches:
Dungeon (6/15)
 Temple: D:4-7

Altars:
The Shining One

Annotations:
D:1 Sigmund
D:3 Terence


Message History

You hit the bat but do no damage. The bat barely misses you.
You barely miss the bat. The bat closely misses you.
The bat closely misses you.
You barely miss the bat. The bat hits you but does no damage. The bat hits you.
You take 1 damage, and have 31/34 hp.
You enter the shallow water.
Moving in this stuff is going to be slow.
The bat hits you but does no damage. x2
The bat barely misses you.
You slash the bat!
You kill the bat!
No target in view!
No target in view!
No target in view!
No target in view!
No target in view!
No target in view!
No target in view!
No target in view!
No target in view!
No target in view!
No target in view!
No target in view!
No target in view!
No target in view!
No target in view!
No target in view!
No target in view!
You enter the shallow water.
Moving in this stuff is going to be slow.
m - a scroll labelled JOUTEI ZAOG Health restored: 34 You now have 32 gold pieces (gained 17).
i - 2 scrolls labelled GOSOZUIQ ONTU (gained 1)
You see here a +0 dagger.
Found a stone staircase leading down.
There is a stone staircase leading down here.
You see here a +0 robe.
Found a stone staircase leading down.
A rat comes into view.
A rat is nearby!
You barely miss the rat. The rat barely misses you. The rat bites you.
You take 2 damage, and have 32/34 hp.
You hit the rat but do no damage. The rat misses you.
You hit the rat. The rat bites you.
You take 2 damage, and have 31/34 hp.
You hit the rat.
You kill the rat!
No target in view!
No target in view!
No target in view!
No target in view!
No target in view!
No target in view!
No target in view!
No target in view!
No target in view!
You enter the shallow water.
Moving in this stuff is going to be slow.
Found a staircase leading out of the dungeon.
Health restored: 34
m - 2 scrolls labelled JOUTEI ZAOG (gained 1)
You enter the shallow water.
Moving in this stuff is going to be slow.
Done exploring.
Done exploring.
Done exploring.
There is a stone staircase leading down here.
You climb downwards.
There is a stone staircase leading up here.
The helpless Sigmund fails to defend himself.
You slash Sigmund!
The adder hisses angrily.
Sigmund hits you but does no damage.
You closely miss Sigmund.
Sigmund points at you and mumbles some strange words.
The magic dart hits you.
You take 2 damage, and have 32/34 hp.
Sigmund barely misses you.
You climb upwards.
There is a stone staircase leading down here.
You completely miss Sigmund. You barely miss Sigmund.
Sigmund hits you with a +0 scythe!
You take 8 damage, and have 25/34 hp.
MASSIVE DAMAGE!!
You barely miss Sigmund. Sigmund closely misses you.
You barely miss Sigmund. Sigmund misses you.
You hit Sigmund. You hit Sigmund. Sigmund completely misses you.
You hit Sigmund. Sigmund casts a spell at you. The magic dart hits you!
You take 7 damage, and have 18/34 hp.
MASSIVE DAMAGE!!
You hit Sigmund. Sigmund hits you with a +0 scythe!
* * * LOW HITPOINT WARNING * * *
You take 8 damage, and have 10/34 hp.
MASSIVE DAMAGE!!
You hit Sigmund but do no damage.
Sigmund says, "Now you see me, now you don't..."
Sigmund gestures at you while chanting. The puff of flame hits you!
You die...

≈≈..≈≈≈≈≈≈≈≈≈≈≈≈...........#.....
§§#..≈≈≈.≈≈.≈≈........).##.#..##.
8≈......≈..≈.......####.##.#..##.
≈≈.....#######.......##..........
#####..# #.#...#.###.###..###
#####..# #.#...#.# #.# #..###
.......# #.#..##.# #.###....#
.......# #.#.###.# #.....##.#
.##.#### #.#@###.# ##.##.....
.##.# #...@...# #.#####.# ###.#
#########.########.#####.#
###.####......##.######.........#
....#.......#........##.#####.###
#####.......#......#.##.#####.#
#.##.##.#.##.#.#.......##.#
#.##.##.#.##...####.##.##[#
#.##.##†#.##.#.# #.##.##.#


You could see Sigmund.

Vanquished Creatures
  A dart slug (D:2)
  2 ball pythons (D:1)
  3 endoplasms (D:1)
  A giant cockroach (D:1)
  5 hobgoblins (D:1)
  A kobold (D:1)
  2 quokkas (D:1)
  3 bats (D:1)
  A frilled lizard (D:1)
  2 goblins (D:1)
  5 rats (D:1)
26 creatures vanquished.

Notes
Turn   | Place    | Note
-------+----------+-------------------------------------------
     0 | D:5      | murtidash the Hill Orc Delver began the quest for the Orb.
     0 | D:5      | Reached XP level 1. HP: 19/19 MP: 1/1
    23 | D:5      | Noticed a scorpion
    64 | D:5      | Noticed an ice beast
   314 | D:6      | Noticed an iguana
   512 | D:4      | Noticed an ogre
   515 | D:4      | Found a glowing golden altar of the Shining One.
   520 | D:4      | Noticed an ogre
   564 | D:3      | Noticed Terence
   607 | D:1      | Found a faded altar of an unknown god.
   610 | D:1      | Reached skill level 3 in Axes
   709 | D:1      | Reached skill level 4 in Fighting
   709 | D:1      | Reached XP level 2. HP: 23/27 MP: 2/2
  1111 | D:1      | Reached XP level 3. HP: 30/34 MP: 3/3
  1594 | D:2      | Noticed Sigmund
  1607 | D:1      | Killed from afar by Sigmund

Illustrated notes

Levels and vault maps discovered:
D:1:      lightli_arrival_boilingwater, layout_loops_cross,
          chequers_ecumenical_altar_island
D:2:      layout_loops_ring, st_stairs_12, nicolae_wormholes, uniq_sigmund
D:3:      minmay_spotlight, layout_rooms, uniq_terence
D:4:      layout_loops_corners, tso_oasis_becter,
          minmay_temple_entry_drinking_statues, nrook_mini_vaults
D:5:      layout_basic, kennysheep_windowed_goal
D:6:      layout_loops_cross, zin_purify, marbit_many_paths, serial_shops,
          nicolae_stop_n_shop_2

Skill      XL: |  1 |
---------------+----+-----
Axes           | 3 |  3.8
Fighting       | 4 |  4.4
Dodging        | |  1.5
Stealth        | |  4.1

Action                   || total
-------------------------++-------
Melee: Hand axe          ||    90
       Punch             ||     1
 Stab: Sleeping          ||     3
Armor: Leather armour    ||    57
Dodge: Dodged            ||    94

Table legend: (Time is in decaauts)
 A = Elapsed time spent in this place.
 B = Non-inter-level travel time spent in this place.
 C = Inter-level travel time spent in this place.
 D = Time resting spent in this place.
 E = Time spent auto-exploring this place.
 F = Levels seen in this place.
 G = Mean time per level.
                   A        B        C        D        E       F      G
               +--------+--------+--------+--------+--------+-----+--------+
         Total |   1622 |   1596 |     26 |    121 |   1058 |   6 |  270.3 |
       Dungeon |   1622 |   1596 |     26 |    121 |   1058 |   6 |  270.3 |
               +--------+--------+--------+--------+--------+-----+--------+

Top non-repeatable levels by time:
     D:1: 1010 daAuts
     D:6: 234 daAuts
     D:4: 194 daAuts
     D:5: 134 daAuts
     D:2: 29 daAuts
     D:3: 18 daAuts

Table legend:
 A = Kills in this place as a percentage of kills in entire the game.
 B = Kills by you in this place as a percentage of kills by you in the entire game.
 C = Kills by friends in this place as a percentage of kills by friends in the entire game.
 D = Other kills in this place as a percentage of other kills in the entire game.
 E = Experience gained in this place as a percentage of experience gained in the entire game.
 F = Experience gained in this place divided by the number of levels of this place that you have seen.
                   A       B       C       D       E      F
               +-------+-------+-------+-------+-------+----------------------
         Total | 100.0 | 100.0 |   N/A |   N/A | 100.0 |   7.2
       Dungeon | 100.0 | 100.0 |   N/A |   N/A | 100.0 |   7.2
               +-------+-------+-------+-------+-------+----------------------
